 Dungeon Crawl Stone Soup version 0.22-a0-369-gc73351f (webtiles) character file.

14 Amnesiac the Magician (level 2, -4/21 HPs)
             Began as a Mummy Wizard on Apr 24, 2018.
             Slain by a quokka (5 damage)
             ... on level 3 of the Dungeon.
             The game lasted 00:01:47 (778 turns).

Amnesiac the Magician (Mummy Wizard)                 Turns: 778, Time: 00:01:48

Health: -4/21      AC:  3    Str: 10    XL:     2   Next: 27%
Magic:  5/7        EV: 12    Int: 17    God:
Gold:   56         SH:  0    Dex: 10    Spells: 7/9 levels left

rFire    x . .     SeeInvis .   b - +0 trident
rCold    + . .     Gourm    .   (no shield)
rNeg     + + +     Faith    .   d - +0 robe
rPois    ∞         Spirit   .   (no helmet)
rElec    .         Reflect  .   (no cloak)
rCorr    .         Harm     .   h - +0 pair of gloves
MR       .....     Rnd*Tele +   (no boots)
Stlth    ++........             (no amulet)
HPRegen  0.07/turn              c - ring of teleportation (curse)
MPRegen  0.10/turn              (no ring)

@: no status effects
A: no food or potions, fire vulnerability, cold resistance 1, negative energy
resistance 3, torment resistance, unbreathing
a: no special abilities


You were on level 3 of the Dungeon.
You were not hungry.

You visited 1 branch of the dungeon, and saw 3 of its levels.

You collected 56 gold pieces.

Inventory:

Hand Weapons
 a - a +0 hunting sling
 b - a +0 trident (weapon)
Armour
 d - a +0 robe (worn)
 h - a +0 pair of gloves (worn)
Jewellery
 c - a cursed ring of teleportation (left hand)
Scrolls
 i - a scroll of fear {!r}


   Skills:
 + Level 1.0 Fighting
 * Level 2.2 Dodging
 - Level 1.5 Stealth
 - Level 4.0 Spellcasting
   Level 0.7 Conjurations
 - Level 0.7 Summonings
   Level 0.7 Translocations


You had 7 spell levels left.
You knew the following spells:

 Your Spells              Type           Power        Failure   Level  Hunger
b - Call Imp              Summ           #.......     19%         2    N/A

Dungeon Overview and Level Annotations

Branches:
Dungeon (3/15)

Altars:


Innate Abilities, Weirdness & Mutations

You do not eat or drink.
Your flesh is vulnerable to fire.
You are immune to poison.
Your flesh is cold resistant. (rC+)
You are immune to negative energy. (rN+++)
You are immune to unholy pain and torment.
You can survive without breathing.


Message History

The hobgoblin barely misses you.
Your crimson imp blinks!
You see here a trident.
d - a trident The hobgoblin hits you but does no damage.
Wield which item (- for none, * to show all)? (? for menu, Esc to quit)
Okay, then.
Adjust (i)tems, (s)pells, or (a)bilities?
Adjust which item? (? for menu, Esc to quit)
b - a +0 hunting sling (weapon)
Adjust to which letter? (? for menu, Esc to quit)
a - a +0 hunting sling (weapon);
b - a +0 robe (worn)
Adjust (i)tems, (s)pells, or (a)bilities?
Adjust which item? (? for menu, Esc to quit)
d - a trident Adjust to which letter? (? for menu, Esc to quit)
b - a trident;
d - a +0 robe (worn)
b - a +0 trident (weapon)
You hit the hobgoblin.
The hobgoblin is severely wounded.
The hobgoblin misses you.
You hit the hobgoblin.
You kill the hobgoblin!
Your Fighting skill increases to level 1!
Your crimson imp blinks!
No target in view!
No target in view!
You now have 56 gold pieces (gained 6).
Wear which item? (? for menu, Esc to quit)
Okay, then.
Found a stone staircase leading down.
You see here a ring mail.
No target in view!
A quokka comes into view.
The quokka moves out of view.
Found an escape hatch in the ceiling.
No target in view!
Found an escape hatch in the floor.
Your crimson imp disappears in a puff of smoke!
Found 15 arrows.
You closely miss the quokka. The quokka bites you.
You hit the quokka.
The quokka is moderately wounded.
The quokka bites you.
* * * LOW HITPOINT WARNING * * *
The quokka bites you.
* * * LOW HITPOINT WARNING * * *
You miss the quokka.
The quokka is moderately wounded.
The quokka bites you but does no damage.
You barely miss the quokka.
The quokka is moderately wounded.
The quokka barely misses you. The quokka bites you.
* * * LOW HITPOINT WARNING * * *
You are too injured to fight recklessly!
Casting: Call Imp (safe; 19% risk of failure)
Confirm with . or Enter, or press ? or * to list all spells.
A beastly little devil appears in a puff of flame.
Your crimson imp says, "I bow to your servitude, my magnificent and god-like magnate!"
The quokka misses you. The quokka barely misses you.
Found a scroll of fog.
The quokka bites you.
You die...

......?..# #........#
.>...#.. #..<...# #.#
#......# #.# #>#.#..#
#.# #.#5#.(## . #.#
#.$r@...# #. #.#
##.##...# #.####.##
#.# ...# ##......##
#.# ...# ##
.#......###.# ...# .#
#..#.)...##[##...# ..
#.###..............
.###..#...[.##.###.#.#
...........###.#


You could see a quokka and a friendly crimson imp.

Vanquished Creatures
  A leopard gecko (D:1)
  A bat (D:1)
  2 hobgoblins
  3 jackals (D:1)
  A frilled lizard (D:1)
  2 goblins
10 creatures vanquished.

Vanquished Creatures (collateral kills)
  A dart slug (D:1)
1 creature vanquished.

Grand Total: 11 creatures vanquished

Notes
Turn   | Place    | Note
-------+----------+-------------------------------------------
     0 | D:1      | Amnesiac the Mummy Wizard began the quest for the Orb.
     0 | D:1      | Reached XP level 1. HP: 13/13 MP: 5/5
   324 | D:1      | Reached XP level 2. HP: 8/20 MP: 0/7
   584 | D:1      | Learned a level 2 spell: Call Imp
   760 | D:3      | Reached skill level 1 in Fighting
   775 | D:3      | HP: 1/21 [quokka (5)]
   778 | D:3      | Slain by a quokka

Vault maps used:
D:1:      nzn_arrival_crosshair
D:2:      minmay_door_path, serial_glass, glass_columns_c, glass_columns_c

Skill      XL: |  1  2 |
---------------+-------+-----
Dodging        | 2 |  2.2
Fighting       | 1 |  1.0
Stealth        | |  1.5
Spellcasting   | |  4.0
Conjurations   | |  0.7
Summonings     | |  0.7
Translocations | |  0.7

Action                   || total
-------------------------++-------
Melee: Unarmed           ||    19
       Trident           ||     6
 Cast: Magic Dart        ||    25
       Call Imp          ||     3
  Use: Scroll            ||     4
Armor: Robe              ||     8
Dodge: Dodged            ||    31

Table legend:
 A = Spawn XP
 B = Non-spawn XP
 C = Spawn XP percentage of total XP
 D = Spawn monster count
 E = Non-spawn monster count
 F = Spawn count percentage of total count
 G = Total turns spent on level
                    A         B        C        D         E        F      G
               +---------+---------+-------+---------+---------+-------+---------
         Total |       0 |      20 |   0.0 |       0 |      11 |   0.0 |   778
               +---------+---------+-------+---------+---------+-------+---------
           D:1 |       0 |      17 |   0.0 |       0 |       9 |   0.0 |   651
           D:2 |       0 |       1 |   0.0 |       0 |       1 |   0.0 |    78
           D:3 |       0 |       2 |   0.0 |       0 |       1 |   0.0 |    49
               +---------+---------+-------+---------+---------+-------+---------
